 Dungeon Crawl Stone Soup version 0.19-a0-682-g708bd0e (webtiles) character file.

25933 TheGoonsmith the Brawler (level 12, -16/126 HPs)
             Began as a Troll Monk on June 17, 2016.
             Was a High Priest of Ru.
             Killed from afar by a frost giant (19 damage)
             ... with a bolt of cold
             ... in an ice cave.
             The game lasted 00:24:56 (10561 turns).

TheGoonsmith the Brawler (Troll Monk)              Turns: 10561, Time: 00:24:58

Health: -16/126    AC:  6    Str: 24    XL:     12   Next: 93%
Magic:  11/11      EV: 20    Int:  9    God:    Ru [*****.]
Gold:   475        SH:  0    Dex: 19    Spells: 0 memorised, 11 levels left

rFire  + . .     SeeInvis .       - Unarmed
rCold  + . .     Gourm    +     M - +0 robe of Tartarus {Str+4 Int+3}
rNeg   . . .     Faith    .     (shield unavailable)
rPois  +         Spirit   .     (helmet restricted)
rElec  +         Dismiss  .     E - +0 cloak
rCorr  +         Reflect  .     (gloves unavailable)
SustAt .         Harm     .     (boots unavailable)
MR     .....                    (no amulet)
Stlth  ++++......               N - ring of stealth
                                (ring unavailable)

@: agile, resistant, very slightly contaminated, invisible, not resistant to
hostile enchantments, stealthy
A: unfitting armour, antennae 1, claws 3, clumsy 1, fast metabolism 3, gourmand,
regeneration 2, shaggy fur 1, tough skin 2, weak 1, missing a hand, magic
vulnerability 1
a: Draw Out Power, Power Leap, Apocalypse, Renounce Religion


You were in an ice cave.
You worshipped Ru.
Ru was extremely pleased with you.
You were full.

You visited 1 branch of the dungeon, and saw 12 of its levels.
You also visited: Ice Cave.

You collected 731 gold pieces.
You spent 256 gold pieces at shops.

Inventory:

Missiles
 q - 10 tomahawks (quivered)
Armour
 a - a +0 robe
 o - a +1 robe of positive energy
 E - a +0 cloak (worn)
 F - a mottled dragon hide
 M - the +0 robe of Tartarus (worn) {Str+4 Int+3}
   (You found it in an ice cave)

   It affects your strength (+4).
   It affects your intelligence (+3).
Jewellery
 v - an uncursed ring of magical power
 I - an uncursed ring of stealth
 N - a ring of stealth (right claw)
Wands
 l - a wand of flame (23/48)
 t - a wand of flame (19/48)
 C - a wand of disintegration (17/24)
 J - a wand of confusion (13/48)
 L - a wand of lightning (8/15)
 Q - a wand of polymorph (9/24)
Scrolls
 d - 2 scrolls of fog
 f - a scroll of recharging
 p - 5 scrolls of remove curse
 s - 4 scrolls of enchant weapon
 G - a scroll of teleportation
 H - 2 scrolls of magic mapping
Potions
 g - 4 potions of curing
 j - a potion of haste
 m - a potion of ambrosia {unknown}
 w - a potion of flight {unknown}
 z - 4 potions of berserk rage
 B - 2 potions of lignification
 D - a potion of heal wounds {unknown}
Books
 y - a book of Battle

   Spells                             Type                      Level
   a - Infusion                       Charms                       1
   b - Shroud of Golubria             Charms/Translocation         2
   c - Song of Slaying                Charms                       2
   d - Spectral Weapon                Hexes/Charms                 3
   e - Regeneration                   Charms/Necromancy            3
 A - a book of Unlife

   Spells                             Type                      Level
   a - Recall                         Summoning/Translocation      3
   b - Animate Dead                   Necromancy                   4
   c - Control Undead                 Necromancy                   4
   d - Cigotuvi's Embrace             Necromancy                   5
   e - Death Channel                  Necromancy                   6
   f - Simulacrum                     Ice/Necromancy               6
 K - a book of the Earth

   Spells                             Type                      Level
   a - Leda's Liquefaction            Hexes/Earth                  4
   b - Bolt of Magma                  Conjuration/Fire/Earth       5
   c - Statue Form                    Transmutation/Earth          6
   d - Iron Shot                      Conjuration/Earth            6
   e - Shatter                        Earth                        9
Miscellaneous
 O - a lamp of fire
Comestibles
 b - 5 bread rations
 c - 5 meat rations
 i - 4 slices of pizza
 n - 11 fruits
 u - 2 beef jerkies
 x - 8 royal jellies


   Skills:
 - Level 10.1 Fighting
 - Level 7.6 Dodging
 - Level 1.1 Stealth
 + Level 16.6 Unarmed Combat


You had 11 spell levels left.
You didn't know any spells.

Dungeon Overview and Level Annotations

Branches:
Dungeon (12/15)            Temple (0/1) D:4            Lair (0/6) D:8
    Orc: D:9-12

Altars:
Ashenzari
Gozag
Qazlal
Ru
Sif Muna
Trog
Uskayaw
Vehumet
Xom
The Shining One

Shops:
D:10 (=*=


Innate Abilities, Weirdness & Mutations

You are too large for most types of armour.
You have claws for hands.
You are clumsy. (Dex -2)
Your metabolism is lightning-fast.
You like to eat raw meat.
You heal very quickly.
You are covered in fur. (AC +1)
You have very tough skin. (AC +2)
You are weak. (Str -2)
You are missing a hand.
You are slightly vulnerable to magic. (MR-)
You have a pair of small antennae on your head.


Message History

The frost giant casts a spell at you. The bolt of cold hits you!
* * * LOW HITPOINT WARNING * * *
It was a potion of resistance.
You feel protected.
The frost giant points at you and mumbles some strange words.
The bolt of cold misses you.
It was a potion of invisibility.
You fade into invisibility!
The frost giant gestures at you while chanting.
The bolt of cold misses you.
You are very lightly contaminated with residual magic.
It was a potion of cure mutation.
It has a very clean taste.
The antennae on your head shrink a bit.
You feel less resistant to poisons. The antennae on your head shrink a bit.
You feel stronger.
Your system completely accepts artificial healing.
The polar bear begins to attack, but is stunned by your will!
The frost giant points at you and mumbles some strange words.
The bolt of cold hits you! You resist.
You die... ##..# #.... ...h## #YYh#

#hh##
#Yh#
##C#
##†#
#@##
#.##
#..#
##.#
##.#
###§##
##§#§#
#§§§.#
#≈≈≈
##§#§##


You could see a frost giant and a polar bear.

Vanquished Creatures
  2 death yaks (IceCv)
  4 hill giants
  The ghost of Xcelar the Basher, a novice MiBe of Trog (D:7)
  2 ugly things (D:11)
  A guardian serpent (shapeshifter) (D:11)
  A gargoyle (D:11)
  A rime drake (IceCv)
  A komodo dragon (D:8)
  A queen bee (D:10)
  8 polar bears (IceCv)
  A troll (D:10)
  Grinder (D:6)
  A two-headed ogre (D:8)
  14 yaks
  A wyvern (D:11)
  2 hungry ghosts
  3 vampire mosquitoes (D:12)
  4 hippogriffs
  A mottled dragon (D:8)
  Menkaure (D:5)
  5 sky beasts
  A black bear (D:12)
  2 ice beasts
  4 orc warriors
  A phantom (D:5)
  6 ogres
  17 wolves (IceCv)
  11 centaurs
  A crocodile (D:11)
  2 big kobolds
  Blork the orc (D:6)
  10 giant frogs
  A water moccasin zombie (D:5)
  24 killer bees
  2 scorpions
  14 wights
  An electric eel (D:9)
  A centaur zombie (D:5)
  A crimson imp (D:11)
  A quasit (D:5)
  7 orc priests
  4 hounds
  4 jellies
  2 giant frog zombies (D:10)
  Crazy Yiuf (D:7)
  3 centaur skeletons
  2 giant frog skeletons
  4 iguanas
  8 worker ants
  7 orc wizards
  2 hound zombies
  A worker ant zombie (D:10)
  7 gnolls
  13 adders
  A shadow imp (D:5)
  2 adder skeletons
  A worm (D:3)
  3 dart slugs
  8 giant geckos
  52 orcs
  A ball python (D:1)
  6 giant cockroaches
  14 goblins
  5 hobgoblins
  4 jackals
  14 kobolds
  2 quokkas
  8 bats
  6 giant newts
  A quokka skeleton (D:7)
  A quokka zombie (D:7)
  5 rats
  A plant (D:8)
357 creatures vanquished.

Vanquished Creatures (others)
  A yak (IceCv)
  2 orcs
3 creatures vanquished.

Grand Total: 360 creatures vanquished

Notes
Turn   | Place    | Note
--------------------------------------------------------------
     0 | D:1      | TheGoonsmith the Troll Monk began the quest for the Orb.
     0 | D:1      | Reached XP level 1. HP: 22/22 MP: 0/0
   195 | D:1      | Reached XP level 2. HP: 29/29 MP: 1/1
   371 | D:1      | Reached skill level 4 in Unarmed Combat
   537 | D:1      | Reached XP level 3. HP: 36/36 MP: 2/2
   823 | D:2      | Reached skill level 5 in Unarmed Combat
   823 | D:2      | Reached XP level 4. HP: 20/44 MP: 3/3
  1147 | D:2      | Found a radiant altar of Vehumet.
  1954 | D:3      | Reached XP level 5. HP: 50/50 MP: 4/4
  1958 | D:3      | Reached skill level 6 in Unarmed Combat
  2175 | D:3      | Reached XP level 6. HP: 59/59 MP: 5/5
  2338 | D:3      | Found a hide-covered altar of Uskayaw.
  2611 | D:4      | Reached skill level 7 in Unarmed Combat
  2619 | D:4      | Found a staircase to the Ecumenical Temple.
  3454 | D:5      | Entered Level 5 of the Dungeon
  3516 | D:5      | Found a stormy altar of Qazlal.
  3577 | D:5      | Found a deep blue altar of Sif Muna.
  3591 | D:5      | Found a glowing golden altar of the Shining One.
  3591 | D:5      | Found a bloodstained altar of Trog.
  3591 | D:5      | Found an opulent altar of Gozag.
  3591 | D:5      | Found a sacrificial altar of Ru.
  3591 | D:5      | Found a shimmering altar of Xom.
  3600 | D:5      | Found a shattered altar of Ashenzari.
  3609 | D:5      | Became a worshipper of Ru the Awakened
  3629 | D:5      | Gained mutation: You are slightly vulnerable to magic. (MR-) [Ru sacrifice]
  3629 | D:5      | Reached * piety under Ru
  3695 | D:5      | Reached skill level 8 in Unarmed Combat
  3704 | D:5      | Reached XP level 7. HP: 36/66 MP: 6/6
  3779 | D:5      | Noticed Menkaure
  3795 | D:5      | HP: 2/66 [Menkaure/nerve-wracking pain (7)]
  3796 | D:5      | Killed Menkaure
  3796 | D:5      | Reached skill level 9 in Unarmed Combat
  3963 | D:5      | Reached XP level 8. HP: 35/74 MP: 7/7
  4067 | D:5      | Reached skill level 10 in Unarmed Combat
  4336 | D:6      | Reached skill level 11 in Unarmed Combat
  4341 | D:6      | Noticed Grinder
  4356 | D:6      | Killed Grinder
  4364 | D:6      | Noticed Blork the orc
  4375 | D:6      | Killed Blork the orc
  4851 | D:6      | Reached XP level 9. HP: 76/80 MP: 8/8
  4994 | D:6      | Reached skill level 12 in Unarmed Combat
  5082 | D:7      | Noticed Xcelar's ghost (novice MiBe)
  5277 | D:6      | Reached skill level 10 in Fighting
  5277 | D:6      | Reached XP level 10. HP: 110/110 MP: 9/9
  5278 | D:6      | Reached XP level 11. HP: 117/117 MP: 10/10
  5412 | D:7      | Killed Xcelar's ghost
  5566 | D:7      | Noticed a hill giant
  5573 | D:7      | Killed a hill giant
  5607 | D:7      | Gained mutation: You are missing a hand. [Ru sacrifice]
  5607 | D:7      | Reached ** piety under Ru
  5607 | D:7      | Reached *** piety under Ru
  5607 | D:7      | Reached **** piety under Ru
  6423 | D:7      | Noticed Crazy Yiuf
  6428 | D:7      | Killed Crazy Yiuf
  6628 | D:8      | Found a staircase to the Lair.
  6650 | D:8      | Reached skill level 13 in Unarmed Combat
  6689 | D:8      | Gained mutation: You have a pair of small antennae on your head. [mutagenic meat]
  6690 | D:8      | Gained mutation: Potions and wands are less effective at restoring your health. [mutagenic meat]
  6691 | D:8      | Gained mutation: Your system is resistant to poisons. (rPois) [mutagenic meat]
  6692 | D:8      | Gained mutation: You are clumsy. (Dex -2) [mutagenic meat]
  7252 | D:9      | You fall through a shaft!
  7252 | D:10     | Entered Level 10 of the Dungeon
  7252 | D:10     | Found Vogaohot's Jewellery Boutique.
  7270 | D:10     | Gained mutation: You are weak. (Str -2) [Ru sacrifice]
  7270 | D:10     | Reached ***** piety under Ru
  7450 | D:10     | Reached skill level 14 in Unarmed Combat
  7462 | D:10     | Found Kiumpec's Antique Weapon Shoppe.
  7504 | D:10     | Found Gume's Assorted Antiques.
  7514 | D:10     | Bought a scroll of identify for 64 gold pieces
  7514 | D:10     | Bought a scroll labeled CYCKI GOYLA for 32 gold pieces
  7514 | D:10     | Bought a shiny ivory ring for 160 gold pieces
  7536 | D:10     | Gained mutation: You have a pair of antennae on your head. [potion of mutation]
  7536 | D:10     | Gained mutation: You have a pair of large antennae on your head. (SInv) [potion of mutation]
  7536 | D:10     | Lost mutation: You are clumsy. (Dex -2) [potion of mutation]
  7537 | D:10     | Gained mutation: You are very weak. (Str -4) [potion of mutation]
  7755 | D:10     | Found Emopn's Jewellery Shoppe.
  7882 | D:10     | Noticed a hill giant
  7916 | D:10     | Killed a hill giant
  8191 | D:11     | Noticed a hill giant
  8198 | D:11     | Reached XP level 12. HP: 126/126 MP: 11/11
  8450 | D:11     | Reached skill level 15 in Unarmed Combat
  8601 | D:11     | Gained mutation: You are clumsy. (Dex -2) [Ru sacrifice]
  9543 | D:12     | Found a frozen archway.
  9557 | IceCv    | Entered an ice cave
  9603 | IceCv    | Got a ripped robe
  9614 | IceCv    | Identified the +0 robe of Tartarus {Str+4 Int+3} (You found it in an ice cave)
  9796 | IceCv    | Reached skill level 16 in Unarmed Combat
 10531 | IceCv    | Noticed a frost giant
 10531 | IceCv    | Noticed a death yak
 10531 | IceCv    | Noticed a death yak
 10547 | IceCv    | Killed a death yak
 10556 | IceCv    | Killed a death yak
 10558 | IceCv    | HP: 1/126 [frost giant/bolt of cold (41)]
 10561 | IceCv    | Lost mutation: You have a pair of large antennae on your head. (SInv) [potion of cure mutation]
 10561 | IceCv    | Lost mutation: Your system is resistant to poisons. (rPois) [potion of cure mutation]
 10561 | IceCv    | Lost mutation: You have a pair of antennae on your head. [potion of cure mutation]
 10561 | IceCv    | Lost mutation: You are very weak. (Str -4) [potion of cure mutation]
 10561 | IceCv    | Lost mutation: Potions and wands are less effective at restoring your health. [potion of cure mutation]
 10561 | IceCv    | Killed from afar by a frost giant

Vault maps used:
D:1:      wheals_arrival_shading, minmay_misc_feat_chi, st_stairs_9,
          minmay_shallow_snake_nest
D:2:      vehumet_crystals
D:3:      eat_drink_and_be_merry_uskayaw, first_bread
D:4:      minmay_temple_entry_crystal_x, minivault_14
D:5:      lemuel_coloured_pillars_altar, minitemple, uniq_menkaure
D:6:      uniq_blork_the_orc, uniq_grinder
D:7:      uniq_crazy_yiuf_cottage
D:8:      david_lair_shrubbed
D:9:      kennysheep_mini, kiku_gazebo_pond_becter, kennysheep_mini_moat,
          zin_purify, orc_0_dummy
D:10:     serial_shops, nicolae_shop_overgrown_old_shop, nicolae_shop_crystal,
          nicolae_shop_overgrown_old_shop, shop, david_nohive_1,
          kennysheep_kite_vault
D:12:     portal_ice_cave_entry_pillars_2, lemuel_centaur_altar
IceCv:    ice_cave_caverns_03

Skill      XL: |  1  2  3  4  5  6  7  8  9 10 11 12 |
---------------+-------------------------------------+-----
Unarmed Combat | 4 5 6 8 9 11 12 14 16 | 16.6
Fighting       | 10 | 10.1
Dodging        | 7 |  7.6
Stealth        | |  1.1

Action                   |  1- 3 |  4- 6 |  7- 9 | 10-12 || total
-------------------------+-------+-------+-------+-------++-------
Melee: Unarmed           |    70 |   225 |   144 |   653 ||  1092
       Punch             |       |     8 |     4 |     3 ||    15
Throw: Tomahawk          |       |       |       |     5 ||     5
Invok: Sacrifice Essence |       |     1 |       |       ||     1
       Sacrifice Purity  |       |       |       |     2 ||     2
       Apocalypse        |       |       |       |     1 ||     1
       Sacrifice a Hand  |       |       |       |     1 ||     1
  Use: Potion            |       |       |     2 |     8 ||    10
       Scroll            |       |       |    13 |     6 ||    19
 Stab: Sleeping          |     1 |     5 |     1 |     3 ||    10
       Invisible         |       |       |       |     9 ||     9
       Distracted        |       |       |       |     4 ||     4
       Paralysed         |       |       |       |     5 ||     5
  Eat: Chunk             |    12 |    24 |    14 |    52 ||   102
       Bread ration      |       |       |       |     1 ||     1
Armor: Robe              |    32 |    71 |    41 |   109 ||   253
Dodge: Dodged            |    33 |   112 |    68 |   396 ||   609
